Cogmind - Beta 14 @@@ ROGUE MODE // 2024.09.19 @ 23:08:13 Player: Dull Result: Destroyed by Shrapnel Trap Performance ------------- Evolutions (0) 0 Regions Visited (2) 400 Robots Destroyed (40) 200 Value Destroyed (958) 958 Prototype IDs (13) 260 Alien Tech Used (0) 0 Bonus (0) 0 TOTAL SCORE: 1818 Bonus ------- None Cogmind --------- Core Integrity 0/250 Matter 300/300 Energy 246/250 System Corruption 0% Temperature Cool (2) Movement Treading (340) Ox2 Location -10/Subcaves Parts ------- > --- POWER (1) -------- Ion Engine > --- PROPULSION (2) --- Light Treads Spiked Treads > --- UTILITY (2) ------ Huge Storage Unit Hardened Light Armor Plating > --- WEAPON (2) ------- Battle Rifle Subdweller Machine Gun > --- INVENTORY (25) --- Subdweller Power Source Light Treads Light Treads Subdweller Monowheel Large Storage Unit Subdweller Optics Sensor Array Signal Interpreter Improved Terrain Scanner ECM Suite Gun Armor Hacking Suite Tractor Beam Small Laser Subdweller Laser Subdweller Beam Cannon Light Assault Rifle Battle Rifle Grenade Launcher Subdweller Shrapnel Launcher Mining Laser Makeshift Spear Peak State ------------ > --- POWER ------------ Ion Engine > --- PROPULSION ------- Light Treads Spiked Treads > --- UTILITY ---------- Huge Storage Unit Hardened Light Armor Plating > --- WEAPON ----------- Battle Rifle Makeshift Spear > --- INVENTORY -------- Subdweller Power Source Light Treads Light Treads Subdweller Monowheel Large Storage Unit Subdweller Optics Sensor Array Signal Interpreter Improved Terrain Scanner ECM Suite Hardened Light Armor Plating Gun Armor Hacking Suite Tractor Beam Small Laser Subdweller Laser Subdweller Beam Cannon Light Assault Rifle Light Assault Rifle Battle Rifle Subdweller Machine Gun Grenade Launcher Subdweller Shrapnel Launcher Mining Laser [Rating: 17] Favorites ----------- Power Ion Engine Engine Ion Engine Propulsion Light Treads Treads Light Treads Leg Aluminum Leg Utility Hardened Light Armor Plating Device Improved Terrain Scanner Storage Huge Storage Unit Protection Hardened Light Armor Plating Weapon Battle Rifle Energy Gun EM Pulse Gun Ballistic Gun Battle Rifle Ballistic Cannon Light Cannon Launcher EMP Blaster Special Weapon Mining Laser Piercing Weapon Makeshift Spear Build | -11 -10 -10 ------- Run | Yrd Mat Sub Slots Evolved . | . . . Power . | . . . Propulsion . | . . . Utility . | . . . Weapon . | . . . Parts Attached 49 | 2 22 25 Power 4 | . 3 1 Engine 4 | . 3 1 Core . | . . . Reactor . | . . . Propulsion 10 | . 7 3 Treads 5 | . 2 3 Leg 5 | . 5 . Wheel . | . . . Hover . | . . . Flight . | . . . Utility 8 | 1 5 2 Device 1 | 1 . . Storage 3 | . 3 . Processor . | . . . Hackware . | . . . Protection 4 | . 2 2 Artifact . | . . . Weapon 27 | 1 7 19 Energy Gun . | . . . Energy Cannon . | . . . Ballistic Gun 18 | 1 4 13 Ballistic Cannon 1 | . 1 . Launcher 3 | . 2 1 Special Weapon 1 | . . 1 Impact Weapon . | . . . Slashing Weapon . | . . . Piercing Weapon 4 | . . 4 Special Melee Weapon . | . . . Unidentified Prototypes . | . . . Parts Lost 8 | . 1 7 Power 2 | . 1 1 Propulsion 2 | . . 2 Utility 2 | . . 2 Weapon 2 | . . 2 Highest Loss Streak 2 | . 1 2 To Critical Strikes . | . . . Average Slot Usage (%) 99 | . 99 99 Engine 13 | . 13 13 Treads 26 | . 19 28 Leg 1 | . 8 . Device 1 | . 4 . Storage 14 | . 14 14 Protection 12 | . 9 13 Ballistic Gun 23 | . 21 24 Ballistic Cannon 1 | . 5 . Piercing Weapon 2 | . . 3 Peak Build Rating 17 | 9 11 17 Average Rating 13 | 7 9 14 On Entrance 8 | 6 9 10 Naked Turns . | . . . Heaviest Build 97 | 12 94 97 Greatest Support 40 | 20 40 40 Greatest Overweight (x) 4 | . 4 2 Average Overweight (x) 1 | . . 2 Largest Inventory Capacity 25 | 8 25 25 Average Capacity 22 | 8 16 25 Most Carried 25 | 7 17 25 Average Carried 19 | 5 13 21 Final Capacity 25 | 8 25 25 Final Carried 22 | 5 17 22 Class Distribution -------------------- 98% | Mutant Dominant Class ---------------- Mutant | -10/Materials Mutant | -10/Subcaves Resources | -11 -10 -10 ----------- Run | Yrd Mat Sub Matter Collected 1177 | 224 396 557 Remotely . | . . . Salvage Created 1287 | 88 707 492 Parts 85 | 6 46 33 Haulers Intercepted 2 | . 2 . Recyclers Shooed 4 | 1 3 . Parts Field Recycled . | . . . Retrieved Matter . | . . . Parts Self-Destructed 11 | . . 11 Prevented . | . . . Kills | -11 -10 -10 ------- Run | Yrd Mat Sub Combat Hostiles Destroyed 31 | . 17 14 Melee 1 | . . 1 Guns 19 | . 9 10 Cannons 2 | . 1 1 AOE 8 | . 6 2 Classes Destroyed 9 | 2 6 1 Worker 1 | . 1 . Tunneler 2 | 1 1 . Hauler 2 | . 2 . Recycler 2 | 1 1 . Operator 1 | . 1 . Watcher 1 | . 1 . Swarmer 11 | . 9 2 Grunt 8 | . 8 . Subdweller 12 | . . 12 Best Kill Streak 10 | 2 10 2 Combat Bots Only 8 | . 8 2 Max Kills in Single Turn 2 | 1 2 1 Gunslinging . | . . . Exploded 2 | . 2 1 Melee 1 | . . 1 Uniques/NPCs Destroyed . | . . . Combat | -11 -10 -10 -------- Run | Yrd Mat Sub Hostile Shots Fired 154 | . 61 93 Missed 32 | . 14 18 Damage Taken 2142 | . 495 1647 Core 266 | . 64 202 Absorbed by Shields . | . . . Core Remaining (%) 100 | 100 . . Volleys Fired 124 | 4 61 59 Largest 2 | 2 2 2 Hottest 100 | 60 55 100 Shots Fired 230 | 8 112 110 Gun 191 | 8 89 94 Cannon 24 | . 13 11 Launcher 14 | . 10 4 Special 1 | . . 1 Kinetic 211 | 4 102 105 Thermal 1 | . . 1 Explosive 4 | . . 4 Electromagnetic 14 | 4 10 . Robot Hit Streak 12 | 5 10 12 Robot Miss Streak 4 | 1 4 2 Penetration Max . | . . . Secondary Targets 3 | . 2 1 Max Gunslinging Chain 1 | . 1 1 Shots Hit Robots 142 | 6 64 72 Core Hits 60 | 3 34 23 Critical Kills 1 | . 1 . Critical Parts Destroyed . | . . . Critical Strikes 2 | 1 1 . Destroy 1 | . 1 . Corrupt 1 | 1 . . Melee Attacks 7 | . . 7 Impact . | . . . Slashing . | . . . Piercing 7 | . . 7 Sneak Attacks . | . . . Combat Hostiles . | . . . Follow-up Attacks . | . . . Damage Inflicted 2287 | 76 924 1287 Guns 1479 | 76 448 955 Cannons 262 | . 98 164 Explosions 510 | . 376 134 Melee 34 | . . 34 Ramming 2 | . 2 . Kinetic 1685 | 20 546 1119 Thermal 32 | . 32 . Explosive 134 | . . 134 Electromagnetic 400 | 56 344 . Impact . | . . . Slashing . | . . . Piercing 34 | . . 34 Highest Corruption . | . . . Average Corruption . | . . . Corruption Purged . | . . . Corruption Blocked . | . . . Overload Shots . | . . . Overflow Damage 4 | . 4 . Projectiles . | . . . Explosions 4 | . 4 . Melee . | . . . Knockbacks 6 | . 3 3 Impact . | . . . Kinetic 6 | . 3 3 Secondary . | . . . Self-Inflicted Damage 29 | . 29 . Shots 3 | . 3 . Rammed . | . . . Targets Rammed 1 | . 1 . Kicked 1 | . 1 . Crushed . | . . . Highest Temperature 195 | 20 195 7 Average Temperature 39 | 15 44 1 Received Heat Transfer 441 | . 180 261 Siege Activations . | . . . Robots Corrupted 1 | . 1 . Combat Hostiles 1 | . 1 . Parts Fried 1 | . 1 . Impact Corruptions . | . . . Robots Melted . | . . . Combat Hostiles . | . . . Parts Melted . | . . . Heat Transferred 100 | . 100 . Parts Sabotaged . | . . . Parts Stolen . | . . . Parts Stripped . | . . . Power Chain Reactions 3 | . 3 . Alert | -11 -10 -10 ------- Run | Yrd Mat Sub Peak Influence 391 | 10 391 . Initial 6 | . 6 . Average 175 | 7 179 . Maximum Alert Level 1 | . 1 . Low Security (%) 58 | 100 57 . Level 1 41 | . 42 . Level 2 . | . . . Level 3 . | . . . Level 4 . | . . . Level 5 . | . . . High Security . | . . . Max Security . | . . . Squads Dispatched 4 | . 4 . Investigation 3 | . 3 . Extermination . | . . . Reinforcement 1 | . 1 . Assault . | . . . Garrison . | . . . Intercept . | . . . Searches Triggered . | . . . Construction Impeded . | . . . Haulers Reinforced . | . . . Active Scanning Responses . | . . . Cargo Convoy Interrupts . | . . . Stealth | -11 -10 -10 --------- Run | Yrd Mat Sub Distress Signals . | . . . Communications Jammed . | . . . Distress Signals . | . . . Times Spotted 43 | . 28 15 Peak Tracking Total 4 | . 4 2 Tactical Retreats 1 | . 1 . Traps | -11 -10 -10 ------- Run | Yrd Mat Sub Traps Triggered 6 | . 5 1 Indirectly 2 | . 2 . Trap Hack Attempts . | . . . Triggered . | . . . Disarmed 2 | . 2 . Reprogrammed . | . . . Reused . | . . . Traps Extracted . | . . . Installed . | . . . Triggered . | . . . Machines | -11 -10 -10 ---------- Run | Yrd Mat Sub Machines Disabled 3 | . 2 1 Max in Single Turn 1 | . 1 1 Machines Repaired . | . . . Machines Dismantled . | . . . Machines Sabotaged . | . . . Overloaded Fab Kills . | . . . Hacking | -11 -10 -10 --------- Run | Yrd Mat Sub Machines Accessed 12 | . 8 4 Terminals 7 | . 7 . Fabricators . | . . . Repair Stations . | . . . Recycling Units 1 | . 1 . Scanalyzers . | . . . Garrison Access . | . . . Total Hacks 29 | . 21 8 Successful 20 | . 12 8 Failed 9 | . 9 . Catastrophic 2 | . 2 . Database Lockouts . | . . . Manual 17 | . 17 . Terminals 19 | . 19 . Fabricators . | . . . Repair Stations . | . . . Recycling Units 2 | . 2 . Scanalyzers . | . . . Garrison Access . | . . . Terminal Hacks 12 | . 4 8 Record 5 | . . 5 Robot Analysis 2 | . 2 . Prototype ID Bank 1 | . 1 . Open Door 1 | . . 1 Disarm Traps 1 | . 1 . Derelict Proto ID Bank 1 | . . 1 Release Object 1 | . . 1 Fabricator Hacks . | . . . Repair Station Hacks . | . . . Recycling Unit Hacks . | . . . Scanalyzer . | . . . Garrison Access Hacks . | . . . Unauthorized Hacks 8 | . 8 . Terminals 6 | . 6 . Botnet 6 | . 6 . Fabricators . | . . . Repair Stations . | . . . Recycling Units 2 | . 2 . Reject 1 | . 1 . Mask 1 | . 1 . Scanalyzers . | . . . Garrison Access . | . . . Data Cores Recovered . | . . . Used . | . . . Hacking Detections 6 | . 6 . Full Trace Events 2 | . 2 . Feedback Events . | . . . Feedback Blocked . | . . . Robot Schematics Acquired . | . . . Robots Built . | . . . Authchips . | . . . Time . | . . . Total Robot Build Rating . | . . . Part Schematics Acquired . | . . . Parts Built . | . . . Authchips . | . . . Time . | . . . Total Part Build Rating . | . . . Parts Repaired . | . . . Time . | . . . Parts Recycled . | . . . Recycled Matter . | . . . Retrieved Matter . | . . . Retrieved Components . | . . . Parts Scanalyzed . | . . . Part Schematics Acquired . | . . . Parts Damaged . | . . . Bothacking | -11 -10 -10 ------------ Run | Yrd Mat Sub Used RIF Installer . | . . . Robots Hacked . | . . . Non-combat . | . . . Combat . | . . . Robot Hacks Applied . | . . . Relay Couplers Released . | . . . Fabnet Peak Effective % . | . . . Robots Rewired . | . . . Allies Hacked . | . . . Hacks Repelled . | . . . Allies | -11 -10 -10 -------- Run | Yrd Mat Sub Total Allies . | . . . Largest Group . | . . . Highest-Rated Group . | . . . Highest-Rated Ally . | . . . Total Orders . | . . . Ally Attacks . | . . . Total Damage . | . . . Kills . | . . . Allies Corrupted . | . . . Allies Melted . | . . . Intel | -11 -10 -10 ------- Run | Yrd Mat Sub Robot Analysis Total 2 | . 2 . Derelict Logs Recovered 1 | . . 1 Drone Launches . | . . . Drone Recoveries . | . . . Exploration | -11 -10 -10 ------------- Run | Yrd Mat Sub Turns Passed 7426 | 47 1787 5592 Spaces Moved 2586 | 25 910 1651 Core 1 | . 1 . Treads 2224 | . 573 1651 Legs 361 | 25 336 . Wheels . | . . . Hover . | . . . Flight . | . . . Fastest Speed 120 | 120 120 320 Average Speed 267 | 120 172 322 Slowest Speed 340 | 120 320 340 Overloaded Moves . | . . . Propulsion Burnouts . | . . . Robots Hopped . | . . . Cave-ins Triggered . | . . . Exploration Rate (%) 60 | 3 99 78 Regions Visited 2 Branch Regions 1 Pre-discovered Areas . | . . . Known Exits Taken . | . . . Unknown Exits Taken 2 | 1 1 . Scrap Searched 9 | . . 9 Spaces Dug . | . . . Terrain Destroyed 16 | . 3 13 Melee . | . . . Projectile . | . . . AOE 16 | . 3 13 Terrain Rammed . | . . . Walls Destroyed . | . . . Machines Disabled . | . . . Actions | -11 -10 -10 --------- Run | Yrd Mat Sub Total 2884 | 35 1046 1803 Wait 50 | . 8 42 Move 2584 | 24 909 1651 Hop . | . . . Pick Up 37 | 2 23 12 Fast Attach 11 | 1 8 2 Attach 11 | . 3 8 Detach 3 | . 2 1 Swap 27 | 1 11 15 Drop 29 | 3 20 6 Fire 124 | 4 61 59 Melee 7 | . . 7 Ram . | . . . Kick 1 | . 1 . Crush . | . . . Escape Stasis . | . . . Rewire . | . . . Trap . | . . . Miscellaneous . | . . . Route ------- -11/Scrapyard -10/Materials (discovered 6 exits: [*Mat x3] / [*Min x2] / *Sub) -10/Subcaves (discovered 2 exits: [*Mat x2]) History --------- Turn | Location | Event 1 | -11/Scrapyard | Discovered new exit (range 3) 48 | -11/Scrapyard | Entered Materials 107 | -10/Materials | Discovered new exit (range 7) 301 | -10/Materials | Build established: Mutant 340 | -10/Materials | Discovered new exit (range 12) 476 | -10/Materials | Discovered new exit (range 12) 648 | -10/Materials | Derelicts attacked the area 738 | -10/Materials | Discovered new exit (range 15) 752 | -10/Materials | Destroyed 8 combat bots 890 | -10/Materials | Discovered new exit (range 13) 1810 | -10/Materials | Discovered new exit (range 9) 1835 | -10/Materials | Entered Subcaves 2175 | -10/Subcaves | Shifting Twisted Machinery released Barrage Gun 2209 | -10/Subcaves | Core integrity fell below 50% 2222 | -10/Subcaves | Shifting Twisted Machinery released Mak. Spear 2540 | -10/Subcaves | Shifting Twisted Machinery released Sub. Monowheel 2543 | -10/Subcaves | Discovered new exit (range 10) 2551 | -10/Subcaves | Shifting Twisted Machinery released Sub. Beam Cannon 3179 | -10/Subcaves | Disturbed a concealed Subdweller 3322 | -10/Subcaves | A swath of the cavern ceiling suddenly collapsed 3607 | -10/Subcaves | Visited Clippyterm 3617 | -10/Subcaves | Learned Factory trap positions 4218 | -10/Subcaves | Discovered new exit (range 13) 4320 | -10/Subcaves | Learned Materials stockpile data 4509 | -10/Subcaves | Visited 4L-MR0's lab 4539 | -10/Subcaves | Found Gun Armor 5370 | -10/Subcaves | A swath of the cavern ceiling suddenly collapsed 7068 | -10/Subcaves | Shifting Twisted Machinery released Sub. Power Source 7094 | -10/Subcaves | Ambushed by Subdwellers from Twisted Machinery 7118 | -10/Subcaves | Core integrity fell below 20% 7399 | -10/Subcaves | Disturbed a concealed Subdweller 7427 | -10/Subcaves | Destroyed by Shrapnel Trap Last Messages --------------- 07392_ Searching scrap... 07392_ Found Scrap Shield. 07392_ Found Sub. Monowheel. 07392_ Found 40 Matter. 07393_ Acquired 6 matter. 07399_ LU-YJ8(R) angrily emerges from the Twisted Machinery. 07402_ Dropped Lgt. Assault Rifle. 07405_ Acquired 5 matter. 07414_ LU-YJ8(R) affixes Scrap Shield Fragment to Scrap Shield. 07420_ Hrd. Light Armor Plating destroyed. 07424_ Acquired 10 matter. 07424_ Searching scrap... 07424_ Found Riot Gun. 07424_ Found 57 Matter. 07427_ Searching scrap... 07427_ Found Sub. Laser. 07427_ Found Mak. Light Armor Plating. 07427_ Found 33 Matter. 07427_ Triggered Shrapnel Trap. 07427_ An expanding cloud of shrapnel blasts out in all directions. Map ----- +----------------------------------------------------+ | ????????????????????????????????? | | ????????????????????????????????? | | ????????????????????????????????? | | ????????????????????????????????? | | ????????????????????????????????? | | ????????????????????????????????? | | ????????????????####????????????? | | ???????????????## ##???????????? | | ???????????????# ##??????????? | | ???????????????# #??????????? | | ??????????????## ###??????????? | | ??????????????# ##????????????? | | ??????????????# #?????????????? | | ??????????????# #?????????????? | | ??????????????## ##????????????? | | ???????????????# #????????????? | | ???????????????# #????????????? | | ??????######??## ##???????????? | | ????###<<<<#### #???####????? | | ???##<< < ### #?? " ##???? | | ???# <<< "## #??#" #??? | | ??## << "## ##?##""""#??# | | ??#< # #?## ####"" | | ??#< ![ ## ## ### " # " | | ??#< %%[# #" ## """ | | ??#< =!@[# ! " | | ??#< $$$[# = # # | | ??#< R # #"" # ## | | ??##< < ###" ## ## | | ???#< "## ## ### | | ???##< < <<### ## ##?# | | ????#<#<<< <##?# # #??# | | ??????#######?? " "" #??# | | ??????????????## " "" #??##"" | | ???????????????# """"" #???##" | | ???????????????##""""" ????## | | ????????????????#"""""""""????##* | | ????????????????????###"##????##% | | ???????????????????????##?????#!= | | ?????????????????????????#" ??##= | | ??????????????????????????# # | | ??????????????????????????# | | ?????????????????????????# | | ?????????????????????????# ## | | ????????????????????????#" """"?? | | ???????????????????????#*""""""?? | | ???????????????????????# "#""""?? | | ?????????????????????????????"??? | | ????????????????????????????????? | | ????????????????????????????????? | +----------------------------------------------------+ Best States ------------- Heat Dissipation 25 Energy Generation 10 Energy Capacity 250 Matter Stores 300 Matter Capacity 300 Sight Range 16 Terrain Scan Range 16 Terrain Scan Density 10 Armor Coverage 150 Evasion (%) 55 Recoil Reduction 2 Item Schematics ----------------- None Robot Schematics ------------------ None Fabricated ------------ Nothing Alien Tech Used ----------------- None Achievements -------------- None Challenges ------------ None Game ------ Seed ChipHardcellNanosword Manual? 0 Play Time 00:24:17 Cumulative 124.6 hours Start 2024.09.19 @ 22:41:30 End 2024.09.19 @ 23:08:13 Sessions 1 Manual Loads 0 Difficulty Rogue Special Mode None Game No. 173 Rogue 173 Adventurer 0 Explorer 0 Win Type - Total 1 Types 1/0/0/0/0/0/0/0/0 Lore% 39 Gallery% 59 Achievement% 47 Wizard Run 0 Options --------- Layout 0 ASCII 0 Keyboard 0 Movement Mouse Keybinds 1 Fullscreen 1 Font 18/TerminusBold Map View 76x50 Zoom Use 0% Tactical HUD 1 Map Filters NONE Filters NONE Steam 1 RUN: 91fe1bc6-0c14-46fe-816c-acfff362d708